 Dungeon Crawl Stone Soup version 0.31-a0-210-gccc998df9b (webtiles) character file.

Game seed: 15849078693590039661

79 qw the Chopper (level 4, 0/28 HPs)
             Began as a Gargoyle Fighter on June 30, 2023.
             Slain by a cerulean imp
             ... wielding a +1 spear
             ... summoned by Natasha
              (3 damage)
             ... on level 2 of the Dungeon.
             The game lasted 00:00:52 (1546 turns).

qw the Chopper (Gargoyle Fighter)                   Turns: 1546, Time: 00:00:52

Health: 0/28       AC: 10    Str: 21    XL:     4   Next: 38%
Magic:  4/4        EV:  9    Int:  9    God:
Gold:   50         SH:  4    Dex:  9    Spells: 3/3 levels left

rFire   . . .        Y - +0 war axe (elec)
rCold   . . .        c - +0 buckler
rNeg    + . .        b - +0 scale mail
rPois   inf          (no helmet)
rElec   +            (no cloak)
rCorr   .            (no gloves)
SInv    .            (no boots)
Will    .....        (no amulet) Stlth
                     (no ring)
HPRegen 0.24/turn    (no ring)
MPRegen 0.09/turn

%: no passive effects
@: no status effects
A: sickness immunity, AC +3, negative energy resistance 1, electricity
resistance, torment resistance 1, petrification resistance
a: no special abilities


You were on level 2 of the Dungeon.
You visited 1 branch of the dungeon, and saw 2 of its levels.

You collected 111 gold pieces.
You spent 61 gold pieces at shops.


Innate Abilities, Weirdness & Mutations

You are immune to sickness and miasma.
Your stone body is resilient. (AC +3)
You are immune to poison.
You resist negative energy. (rN+)
You are resistant to electric shocks. (rElec)
You are resistant to unholy torment.
You are immune to petrification.


   Skills:
 - Level 3.2 Fighting
 + Level 4.1 Axes
 - Level 3.2 Armour
 - Level 3.2 Shields


You had 3 spell levels left.
You didn't know any spells.
Your spell library was empty.

Inventory:

Hand Weapons
 m - a +0 flail of protection
 Y - a +0 war axe of electrocution (weapon)
Armour
 b - a +0 scale mail (worn)
 c - a +0 buckler (worn)
 h - a +0 chain mail
Scrolls
 j - 3 scrolls of identify
Potions
 a - 2 potions of attraction {unknown}
 d - a potion of might
 e - 2 potions of curing {unknown}
 f - a potion of berserk rage {unknown}
 g - a potion of heal wounds {unknown}
 i - a potion of magic {unknown}
 k - a potion of mutation {unknown}

Dungeon Overview and Level Annotations

Branches:
Dungeon (2/15)

Altars:

Shops:
D:2 *

Annotations:
D:2 Natasha


Message History

You miss the cerulean imp. Natasha casts a spell at you.
The magic dart hits you but does no damage.
The cerulean imp hits you but does no damage.
Natasha zaps a wand.
The puff of flame hits you!
You hit Natasha.
Natasha is moderately wounded.
You hit the cerulean imp but do no damage.
The cerulean imp hits you but does no damage.
Natasha zaps a wand.
The puff of flame hits you!
You hit Natasha.
Natasha is heavily wounded.
You slash the cerulean imp!
The cerulean imp hits you but does no damage.
Natasha claws you but does no damage. The cerulean imp barely misses you.
You closely miss Natasha.
Natasha is heavily wounded.
You miss the cerulean imp.
Natasha growls.
Natasha claws you but does no damage.
The cerulean imp hits you but does no damage.
Natasha claws you.
You hit Natasha.
Natasha is severely wounded.
You hit the cerulean imp but do no damage.
The cerulean imp hits you but does no damage.
You block Natasha's attack.
You barely miss Natasha.
Natasha is severely wounded.
You barely miss the cerulean imp.
The cerulean imp hits you but does no damage.
Natasha casts a spell at you. You resist with some effort.
The cerulean imp hits you but does no damage.
You closely miss Natasha.
Natasha is severely wounded.
You barely miss the cerulean imp. Natasha claws you but does no damage.
The cerulean imp hits you with a +1 spear.
You die...

#.# #...##### #.# # #.#
##..## ##.# # #.# ####...##
#..# # #.# #.......## #.## #
#.####........## #.# ##
#............#.####.# #.
#######.#...#.......#######.
#.###5.######......... #.#
#@## #...(..... #.# #h#
#########. #.# #.# ## #.#
#.# # #.# #.# # #.# #^. #
... # ##. # #


You could see Natasha and a cerulean imp (summoned).

Vanquished Creatures
  Natasha (D:2)
  A gnoll (D:1)
  A dart slug (D:1)
  8 ball pythons
  6 bats
  4 endoplasms
  2 giant cockroaches (D:1)
  3 hobgoblins
  A jackal (D:1)
  3 quokkas
  4 frilled lizards
  3 goblins
  A kobold (D:1)
  3 rats
41 creatures vanquished.

Notes
Turn   | Place    | Note
-------+----------+-------------------------------------------
     0 | D:1      | qw the Gargoyle Fighter began the quest for the Orb.
     0 | D:1      | Reached XP level 1. HP: 14/14 MP: 1/1
     0 | D:1      | 0 ||| qw: Version: 0.3-a-24-ga2abf7b
     0 | D:1      | 0 ||| qw: Game counter: 7063
     0 | D:1      | 0 ||| qw: Melee chars always use a shield: true
     0 | D:1      | 0 ||| qw: God list: Okawaru
     0 | D:1      | 0 ||| qw: Allow faded altars: false
     0 | D:1      | 0 ||| qw: Do Orc after clearing Dungeon:15 true
     0 | D:1      | 0 ||| qw: Do second Lair branch before Depths: true
     0 | D:1      | 0 ||| qw: Lair rune preference: random
     0 | D:1      | 0 ||| qw: Goals: Normal, Zot:1-4, Slime:5, God:TSO, Crypt,
                  | Tomb, Abyss, Pan, Hells, Win
     0 | D:1      | 0 ||| PLANNING D:1-11
    62 | D:1      | Reached skill level 2 in Axes
   111 | D:1      | 111 ||| Stepping ~*~*~tactically~*~*~ (stealth).
   126 | D:1      | Reached XP level 2. HP: 19/19 MP: 2/2
   259 | D:1      | Found a faded altar of an unknown god.
   431 | D:1      | 431 ||| Stepping ~*~*~tactically~*~*~ (hiding).
   470 | D:1      | Reached skill level 3 in Axes
   474 | D:1      | 474 ||| Stepping ~*~*~tactically~*~*~ (stealth).
   475 | D:1      | 475 ||| Stepping ~*~*~tactically~*~*~ (stealth).
   480 | D:1      | Reached XP level 3. HP: 23/23 MP: 3/3
   542 | D:1      | 542 ||| DROPPING +0 whip.
   806 | D:1      | 806 ||| READING scroll labelled IDUDORIU VICIRGH.
   807 | D:1      | 807 ||| READING scroll labelled SOZASM PITHANU.
   808 | D:1      | 808 ||| READING 2 scrolls labelled SEM HEFETOLUDY.
   809 | D:1      | 809 ||| READING scroll labelled DUYCVI WIDGHIB.
   840 | D:2      | Noticed Natasha
   852 | D:2      | Killed Natasha
   853 | D:2      | Reached XP level 4. HP: 15/28 MP: 4/4
   916 | D:2      | Found Wuefeyp's Assorted Antiques.
   919 | D:2      | 919 ||| BUYING 2 blue potions (41 gold).
   919 | D:2      | Bought 2 blue potions for 41 gold pieces
   919 | D:2      | 919 ||| BUYING green potion (20 gold).
   919 | D:2      | Bought a green potion for 20 gold pieces
   919 | D:2      | 919 ||| SHOPLISTING shiny bronze ring (115 gold, have 4).
  1005 | D:2      | Reached skill level 4 in Axes
  1531 | D:2      | Noticed Natasha
  1532 | D:2      | 1532 ||| Stepping ~*~*~tactically~*~*~ (stealth).
  1533 | D:2      | 1533 ||| Stepping ~*~*~tactically~*~*~ (stealth).
  1541 | D:2      | HP: 4/28 [Natasha/puff of flame (7)]
  1546 | D:2      | Slain by a cerulean imp

Levels and vault maps discovered:
D:1:      wander_arrival_estate, layout_basic,
          hellmonk_ecumenical_altar_heavens_door, minmay_pentomino_r2
D:2:      layout_loops_ring, serial_shops, nicolae_shop_tiny_real_fake_doors,
          uniq_natasha

Skill      XL: |  1  2  3  4 |
---------------+-------------+-----
Axes           | 2 3 4 |  4.1
Fighting       | |  3.2
Armour         | |  3.2
Shields        | |  3.2

Action                     |  1- 3 |  4- 6 || total
---------------------------+-------+-------++-------
  Melee: War axe           |    85 |    47 ||   132
    Use: Scroll            |     4 |       ||     4
 Armour: Scale mail        |    51 |    31 ||    82
  Dodge: Dodged            |    32 |    17 ||    49
  Block: Buckler           |    16 |    14 ||    30

Table legend:
 A = Non-vault XP
 B = Vault XP
 C = Vault XP percentage of total XP
 D = Non-vault monster count
 E = Vault monster count
 F = Vault count percentage of total count
                 A         B        C        D         E       F
            +---------+---------+-------+---------+---------+-------
      Total |      75 |      39 |  34.2 |      38 |       3 |   7.3
            +---------+---------+-------+---------+---------+-------
        D:1 |      51 |       4 |   7.3 |      22 |       2 |   8.3
        D:2 |      24 |      35 |  59.3 |      16 |       1 |   5.9
            +---------+---------+-------+---------+---------+-------
